Map: [ESL] Oceanborn

Players

Spirit (souL) - Winner!

  • Race: Terran Terran
  • League: Master
  • Spawn Location: 5:00

Stephano

  • Race: Zerg Zerg
  • Spawn Location: 11:00

Event: HomeStory Cup XXIV

VOD

Have the link to the VOD?

Description

Time

  • Played on: Dec. 2, 2023, 6:43 a.m.
  • Length: 11:08

All games in this series

Show
View Real Time Build Order
Export as new Build Order

Spirit Terran - Winner!

Build Orders: Reaper Expand, Hellion Banshee 

Get SALT Encoding   

  12  0:00  SCV  
  13  0:12  SCV  
  14  0:17  Supply Depot  
  14  0:24  SCV  
  15  0:38  SCV  
  15  0:41  Barracks  
  16  0:45  Refinery  
  16  0:50  SCV  
  17  1:02  SCV  
  18  1:15  SCV  
  19  1:27  Reaper  
  19  1:28  Orbital Command  
  20  1:39  Command Center  
  20  1:48  Supply Depot  
  20  1:54  SCV  
  21  1:59  Marine  
  22  2:06  SCV  
  23  2:12  Factory  
  23  2:18  SCV  
  23  2:22  Barracks Reactor  
  24  2:30  SCV  
  25  2:41  Command Center  
  25  2:42  SCV  
  26  2:52  Orbital Command  
  26  2:54  SCV  
  27  3:00  Starport  
  27  3:03  Refinery  
  27  3:06  SCV  
  27  3:09  Hellion  
  32  3:13  Hellion  
  32  3:17  Barracks Tech Lab  
  32  3:18  SCV  
  32  3:19  SCV  
  34  3:30  SCV  
  34  3:31  SCV  
  36  3:40  Hellion  
  36  3:41  Hellion  
  40  3:42  SCV  
  40  3:43  SCV  
  40  3:45  Banshee  
  45  3:54  Orbital Command  
  45  3:55  SCV x2  
  47  3:57  Cloaking Field  
  47  4:01  Barracks Tech Lab  
  47  4:06  Hellion  
  47  4:07  Hellion, SCV x2  
  53  4:16  Supply Depot  
  53  4:19  SCV  
  53  4:22  SCV  
  55  4:27  Hellion, SCV  
  55  4:28  Hellion  
  55  4:31  SCV  
  61  4:38  Banshee, SCV, Marine  
  66  4:40  Stimpack  
  66  4:41  Supply Depot, SCV  
  66  4:44  Supply Depot  
  66  4:45  SCV  
  68  4:50  SCV  
  69  5:01  SCV  
  69  5:03  SCV  
  70  5:08  Orbital Command  
  70  5:10  Refinery  
  70  5:11  Barracks, Supply Depot, Refinery  
  70  5:12  Marine, Engineering Bay  
  70  5:13  Barracks, Engineering Bay  
  71  5:15  Factory Reactor, SCV  
  71  5:21  Barracks, SCV  
  72  5:22  Barracks  
  72  5:27  SCV  
  74  5:30  Marine  
  74  5:32  Starport Reactor  
  74  5:33  SCV x2  
  77  5:38  Terran Infantry Weapons Level 1, Supply Depot  
  77  5:39  Terran Infantry Armor Level 1, SCV  
  78  5:45  SCV x2  
  78  5:48  Marine  
  81  5:51  Supply Depot, SCV  
  82  5:57  SCV  
  82  5:58  Bunker, Supply Depot, SCV  
  82  6:03  SCV  
  85  6:06  Marine  
  85  6:09  Marine x3  
  85  6:10  Barracks Reactor x2  
  89  6:11  Siege Tank  
  89  6:13  SCV  
  89  6:16  Marine  
  94  6:19  Combat Shield  
  94  6:23  Marine  
  92  6:27  Medivac x2, Marine x2  
  92  6:28  SCV x2  
  92  6:29  Marine  
  92  6:30  Supply Depot  
  101  6:33  Marine  
  95  6:41  Marine  
  95  6:43  Siege Tank  
  95  6:45  Marine x2  
  95  6:46  Marine  
  89  6:51  Marine  
  89  6:53  Marine x2  
  75  6:59  Marine x2  
  75  7:01  Marine  
  77  7:02  Marine  
  77  7:03  Marine  
  77  7:04  Marine  
  75  7:09  Marine  
  75  7:11  Marine x2  
  75  7:14  Medivac  
  80  7:17  Marine x2, SCV x3  
  80  7:20  Marine x2  
  80  7:22  Marine  
  88  7:27  Marine x2  
  88  7:29  Marine, SCV x3, Supply Depot  
  94  7:30  Marine  
  94  7:35  Marine x2  
  97  7:39  Marine x2  
  97  7:41  SCV x2, Supply Depot  
  97  7:43  SCV  
  97  7:44  Armory  
  102  7:47  Marine x3  
  105  7:52  Marine  
  105  7:53  SCV x2  
  108  7:59  Marine x2  
  108  8:00  Siege Tank, SCV  
  108  8:02  Medivac  
  108  8:04  Marine  
  114  8:08  Marine x2  
  114  8:09  Marine  
  114  8:10  SCV  
  109  8:13  Marine  
  109  8:14  Marine  
  109  8:19  Marine  
  109  8:21  Marine x2  
  109  8:24  Marine  
  109  8:25  SCV  
  109  8:26  Marine  
  103  8:28  Marine  
  103  8:29  SCV  
  103  8:32  Siege Tank, Marine x2  
  108  8:37  Marine  
  108  8:38  SCV  
  107  8:43  Marine x2  
  107  8:45  SCV  
  107  8:47  Marine  
  112  8:48  SCV  
  112  8:50  Marine  
  112  8:51  SCV  
  112  8:55  Marine  
  115  8:58  Marine  
  115  8:59  Marine  
  117  9:05  Siege Tank, Medivac x2  
  117  9:07  Marine  
  106  9:10  SCV  
  106  9:11  Marine  
  106  9:12  SCV  
  106  9:13  Marine x3  
  112  9:18  Marine  
  112  9:23  Marine  
  112  9:24  SCV, Marine x2  
  112  9:27  SCV  
  115  9:33  Marine  
  115  9:35  Medivac x2  
  115  9:37  Siege Tank  
  115  9:39  Marine  
  115  9:41  SCV  
  114  9:46  Marine  
  114  9:48  Command Center, Marine  
  114  9:50  Marine  
  114  9:51  Marine x3  
  114  9:52  Marine x2  
  121  9:59  Bunker  
  121  10:00  SCV, Marine  
  121  10:04  Marine  
  121  10:06  Marine  
  125  10:12  Marine  
  125  10:13  Supply Depot  
  125  10:15  Supply Depot  
  125  10:32  Supply Depot  
  125  10:34  Marine x3, Supply Depot, SCV  
  125  10:35  Marine  
  129  10:36  Marine x5  
  132  11:00  Command Center  
Show
View Real Time Build Order
Export as new Build Order

Stephano Zerg 

Build Orders: Hatch First 

Get SALT Encoding   

  12  0:00  Drone  
  13  0:12  Overlord  
  13  0:16  Drone  
  14  0:30  Drone x2  
  16  0:47  Hatchery  
  15  0:50  Drone  
  15  0:54  Drone  
  17  0:57  Drone  
  18  1:08  Extractor  
  17  1:13  Spawning Pool  
  17  1:18  Drone x2  
  18  1:27  Drone  
  19  1:38  Drone  
  20  1:49  Drone  
  21  1:59  Queen x2  
  21  2:00  Zergling x4  
  27  2:10  Drone  
  27  2:11  Overlord  
  28  2:19  Hatchery  
  28  2:22  Drone  
  28  2:31  Drone  
  28  2:34  Drone x2  
  30  2:37  Queen  
  32  2:44  Overlord  
  32  2:47  Metabolic Boost  
  32  2:52  Drone  
  32  2:54  Drone x2  
  35  3:05  Overlord  
  35  3:08  Drone x2  
  35  3:11  Drone  
  38  3:13  Queen  
  40  3:20  Drone x3  
  40  3:25  Drone  
  44  3:31  Queen  
  44  3:33  Drone, Queen  
  44  3:34  Drone  
  50  3:37  Zergling x2  
  51  3:42  Drone x2  
  51  3:44  Drone x2  
  51  3:47  Drone  
  56  3:53  Zergling x2  
  56  3:54  Overlord  
  57  3:56  Overlord  
  57  4:01  Overlord  
  57  4:07  Overlord  
  57  4:13  Zergling x8  
  57  4:14  Overlord  
  57  4:16  Drone x3  
  64  4:20  Drone  
  64  4:21  Overlord  
  64  4:23  Drone  
  66  4:26  Queen  
  66  4:27  Queen  
  70  4:31  Evolution Chamber  
  70  4:33  Drone x2, Evolution Chamber  
  70  4:36  Overlord  
  70  4:38  Drone x2  
  72  4:41  Drone  
  70  5:01  Zergling x8  
  70  5:02  Zergling x2  
  70  5:03  Zergling x2  
  70  5:04  Zergling x2  
  70  5:05  Drone x7  
  70  5:06  Spore Crawler  
  80  5:10  Zergling x2  
  80  5:12  Zerg Melee Weapons Level 1, Zerg Ground Armor Level 1  
  80  5:13  Spore Crawler  
  80  5:14  Spore Crawler  
  80  5:17  Drone x2  
  80  5:18  Lair  
  81  5:23  Extractor  
  81  5:24  Extractor  
  79  5:30  Hatchery  
  79  5:33  Drone  
  79  5:35  Drone  
  80  5:36  Hatchery  
  80  5:40  Overlord x2  
  80  5:42  Zergling x10  
  84  5:46  Drone  
  84  5:48  Drone x3  
  88  5:58  Zergling x12  
  88  5:59  Baneling Nest  
  91  6:14  Zergling x20  
  97  6:31  Zergling x12  
  97  6:44  Zergling x20  
  105  6:52  Centrifugal Hooks  
  99  7:00  Drone x8  
  90  7:10  Zergling x12  
  92  7:17  Zerg Melee Weapons Level 2, Zerg Ground Armor Level 2  
  92  7:19  Drone x3  
  95  7:25  Drone x3  
  95  7:26  Drone x3  
  101  7:39  Drone x7  
  101  7:44  Zergling x14  
  109  7:45  Baneling  
  109  7:46  Baneling x10  
  115  7:53  Zergling x2  
  115  7:54  Zergling x16  
  122  7:59  Queen x3  
  123  8:09  Zergling x6  
  123  8:10  Zergling x14  
  114  8:15  Zergling x6  
  114  8:16  Queen x2  
  115  8:20  Zergling x2  
  115  8:21  Zergling x6  
  115  8:26  Zergling x4  
  115  8:27  Zergling x4  
  113  8:33  Zergling x2  
  113  8:34  Zergling x12  
  114  8:35  Queen x3  
  114  8:39  Zergling x4  
  115  8:43  Zergling x6  
  115  8:47  Baneling x4  
  115  8:48  Zergling x4  
  120  8:50  Baneling x8  
  120  8:51  Baneling  
  120  8:52  Queen x2  
  121  8:56  Baneling x7  
  121  8:57  Zergling x8  
  121  8:58  Zergling x2  
  118  9:05  Zergling x6  
  107  9:10  Queen  
  107  9:11  Zergling x4, Queen  
  110  9:18  Baneling  
  110  9:19  Baneling x9  
  110  9:20  Zergling x8  
  110  9:23  Zergling x4  
  112  9:26  Zergling x6  
  114  9:36  Zergling x8  
  114  9:37  Zergling x8  
  116  9:44  Zergling x6  
  114  9:45  Queen x2  
  114  9:51  Zergling x4  
  114  9:52  Overlord  
  119  10:05  Overlord  
  119  10:08  Baneling  
  119  10:09  Baneling x9  
  119  10:10  Queen x2, Overlord  
  123  10:17  Zergling x6, Hatchery  
  123  10:18  Zergling x2  
  126  10:28  Zergling x18  
  131  10:36  Zergling x4  
Tags
 
Add a new tag
Caveats
  • Supply blocks, unpowered buildings, or Contaminate may cause inaccurate times.
  • Supply counts are checked every 10 seconds.